 Dungeon Crawl Stone Soup version 0.30.0-29-ga12c61a403 (webtiles) character file.

Game seed: 15861931785837828912

1539 Revguard the Trooper (level 8, -1/70 HPs)
             Began as a Hill Orc Fighter on June 8, 2023.
             Was a Follower of Beogh.
             Engulfed by a steam dragon's steam (6 damage)
             ... on level 6 of the Dungeon on June 9, 2023.
             The game lasted 00:14:59 (4557 turns).

Revguard the Trooper (Hill Orc Fighter)             Turns: 4557, Time: 00:15:00

Health: -1/70      AC: 13    Str: 19    XL:     8   Next: 86%
Magic:  11/11      EV:  9    Int:  8    God:    Beogh [*.....]
Gold:   219        SH:  0    Dex: 12    Spells: 7/7 levels left

rFire   . . .        j - +1 broad axe (venom)
rCold   . . .        g - +0 kite shield {reflect}
rNeg    . . .        b - +0 scale mail
rPois   .            (helmet restricted)
rElec   .            o - +0 cloak
rCorr   .            n - +0 pair of gloves
SInv    .            f - +0 pair of boots
Will    .....        (no amulet) Stlth
                     q - ring of flight
HPRegen 0.31/turn    (no ring)
MPRegen 0.12/turn

%: reflection
@: confused, ambrosia-drunk, flying, invisible
A: horns 1, iridescent scales 1
a: Renounce Religion


You were on level 6 of the Dungeon.
You worshipped Beogh.
Beogh was aware of your devotion.
You visited 2 branches of the dungeon, and saw 9 of its levels.

You collected 351 gold pieces.
You spent 132 gold pieces at shops.

Inventory:

Hand Weapons
 a - a +0 war axe
 j - a +1 broad axe of venom (weapon)
 y - a +1 mace of venom
Armour
 b - a +0 scale mail (worn)
 c - a +0 buckler
 f - a +0 pair of boots (worn)
 g - a +0 kite shield of reflection (worn)
 n - a +0 pair of gloves (worn)
 o - a +0 cloak (worn)
Jewellery
 k - a ring of magical power
 q - a ring of flight (left hand)
Wands
 i - a wand of charming (4)
 r - a wand of polymorph (7)
Scrolls
 u - a scroll of identify
 w - 4 scrolls of amnesia
Potions
 d - a potion of might
 e - 2 potions of attraction
 h - 4 potions of curing
 p - a potion of lignification
 s - a potion of ambrosia
 t - 2 potions of flight
 v - a potion of resistance


   Skills:
 + Level 6.1 Fighting
 + Level 5.9 Axes
 + Level 5.6 Armour
 + Level 3.0 Dodging
 + Level 5.6 Shields
 + Level 4.9 Invocations
 + Level 3.6 Evocations


You had 7 spell levels left.
You didn't know any spells.
Your spell library contained the following spells:

 Spells                   Type           Power      Damage    Failure   Level
 Sting                    Tmut/Pois      0%         1d3       96%         1
 Poisonous Vapours        Pois/Air       0%         N/A       99%         2
 Vhi's Electric Charge    Tloc/Air       0%         N/A       100%        3
 Olgreb's Toxic Radiance  Pois           0%         N/A       100%        4
 Petrify                  Tmut/Erth      0%         N/A       100%        4
 Arcjolt                  Conj/Air       0%         1d10      100%        5
 Metabolic Englaciation   Hex/Ice        0%         N/A       100%        5
 Statue Form              Tmut/Erth      0%         N/A       100%        6
 Discord                  Hex            0%         N/A       100%        8
 Ignition                 Fire           0%         3d3       100%        8
 Maxwell's Capacitive Co  Air            0%         ∞         100%        8


Dungeon Overview and Level Annotations

Branches:
Dungeon (8/15)             Temple (1/1) D:4
   Lair: D:8-11

Altars:
Ashenzari
Cheibriados
Dithmenos
Elyvilon
Fedhas
Gozag
Okawaru
Ru
Trog
Uskayaw
Wu Jian
Yredelemnul
The Shining One

Shops:
D:3 !

Annotations:
D:7 3 runed translucent doors, Elsvaer's ghost, novice DECj


Innate Abilities, Weirdness & Mutations

You have a pair of small horns on your head.
You are partially covered in iridescent scales. (AC +2)


Message History

The killer bee stings you but does no damage.
You feel better. The killer bee stings you.
The killer bee stings you but does no damage.
You miss the killer bee. Your headbutt misses the killer bee.
The killer bee is lightly wounded.
The killer bee barely misses you. You block the killer bee's attack.
The killer bee stings you but does no damage.
You miss the killer bee.
The killer bee is lightly wounded.
The killer bee stings you but does no damage.
The killer bee stings you!
You are poisoned.
The killer bee poisons you!
The killer bee stings you but does no damage.
You fade into invisibility!
You feel very sick. The killer bee closely misses you.
The steam dragon breathes steam at you.
The ball of steam hits the killer bee!!
The killer bee dies!
The ball of steam hits you!
* * * LOW HITPOINT WARNING * * *
You hear an angry buzzing noise.
You feel sick.
You feel sick.
You feel sick.
You feel sick.
You are confused.
You feel invigorated.
You feel sick. The steam dragon breathes steam at you.
The ball of steam hits you!
* * * LOW HITPOINT WARNING * * *
You bump into the rock wall.
You feel sick.
You bump into the rock wall.
* * * LOW HITPOINT WARNING * * *
You feel sick.
You are no longer poisoned.
The steam dragon closely misses you. The steam dragon barely misses you.
You bump into the rock wall.
You die...

##############
#............#
#.########...#
#.# #..(# #§#
#...#
#.########...#
#DD@.....#...#
#.########...#
#§# #...# #.#
#...# #D#
#...# #.#
#...#####


yyyy...D# #...#.... _._.8...# #...##### ........# #...# You could see 2 steam
dragons.

Vanquished Creatures
  A wyvern (D:7)
  A water moccasin (D:4)
  A black bear (D:4)
  2 centaurs (D:7)
  A phantom (D:7)
  3 scorpions
  3 wights (D:7)
  4 killer bees (D:6)
  A hound (D:7)
  3 jellies
  An orc priest (D:5)
  A sleepcap (D:7)
  3 orc wizards
  5 adders
  A white imp (D:6)
  An ufetubus (D:6)
  A worm (D:2)
  6 dart slugs
  20 orcs
  5 endoplasms
  3 giant cockroaches
  10 goblins
  7 hobgoblins
  3 jackals (D:3)
  4 kobolds
  5 quokkas
  4 ball pythons
  5 bats
  A frilled lizard (D:3)
  7 rats
113 creatures vanquished.

Vanquished Creatures (others)
  A scorpion (D:5)
  A killer bee (D:6)
  An orc priest (D:5)
3 creatures vanquished.

Grand Total: 116 creatures vanquished

Notes
Turn   | Place    | Note
-------+----------+-------------------------------------------
     0 | D:1      | Revguard the Hill Orc Fighter began the quest for the Orb.
     0 | D:1      | Reached XP level 1. HP: 19/19 MP: 1/1
   180 | D:1      | Reached XP level 2. HP: 27/27 MP: 2/2
   336 | D:1      | Reached skill level 1 in Invocations
   446 | D:1      | Reached XP level 3. HP: 33/33 MP: 3/3
   612 | D:1      | Found a faded altar of an unknown god.
   808 | D:2      | Reached skill level 1 in Evocations
   829 | D:2      | Reached skill level 4 in Fighting
   829 | D:2      | Reached XP level 4. HP: 34/40 MP: 5/5
  1111 | D:2      | Found a bloodstained altar of Trog.
  1472 | D:3      | Reached skill level 1 in Dodging
  1678 | D:3      | Found Wuhepp's Distillery.
  1695 | D:3      | Bought a potion of flight for 36 gold pieces
  1695 | D:3      | Bought a potion of heal wounds for 60 gold pieces
  1695 | D:3      | Bought a potion of curing for 36 gold pieces
  1828 | D:3      | Noticed a scorpion
  1842 | D:3      | Killed a scorpion
  1843 | D:3      | Reached XP level 5. HP: 38/46 MP: 6/6
  2403 | D:4      | Noticed a black bear
  2408 | D:4      | Killed a black bear
  2409 | D:4      | Reached XP level 6. HP: 53/53 MP: 7/7
  2463 | D:4      | Noticed a water moccasin
  2469 | D:4      | Killed a water moccasin
  2677 | D:4      | Found a staircase to the Ecumenical Temple.
  2692 | Temple   | Entered the Ecumenical Temple
  2973 | D:4      | Reached XP level 7. HP: 41/60 MP: 9/9
  3244 | D:4      | Gained mutation: You occasionally lose the ability to drink
                  | potions when taking damage. [potion of mutation]
  3244 | D:4      | Gained mutation: You are agile. (Dex +4, Str/Int -1)
                  | [potion of mutation]
  3245 | D:4      | Lost mutation: You occasionally lose the ability to drink
                  | potions when taking damage. [potion of mutation]
  3245 | D:4      | Lost mutation: You are agile. (Dex +4, Str/Int -1) [potion
                  | of mutation]
  3245 | D:4      | Gained mutation: You are frail. (-10% HP) [potion of
                  | mutation]
  3245 | D:4      | Lost mutation: You are frail. (-10% HP) [potion of
                  | mutation]
  3245 | D:4      | Gained mutation: You have a pair of small horns on your
                  | head. [potion of mutation]
  3245 | D:4      | Gained mutation: You are partially covered in iridescent
                  | scales. (AC +2) [potion of mutation]
  3299 | D:5      | Entered Level 5 of the Dungeon
  3301 | D:5      | Became a worshipper of Beogh the Brigand
  3402 | D:5      | You are sucked into a shaft and drop 3 floors!
  3404 | D:8      | Noticed a steam dragon
  3531 | D:7      | Found a runed translucent gate.
  3531 | D:7      | Found a runed translucent gate.
  3724 | D:7      | Reached skill level 5 in Fighting
  3751 | D:7      | Noticed a wyvern
  3756 | D:7      | Killed a wyvern
  3949 | D:7      | Reached skill level 5 in Axes
  4022 | D:7      | Reached skill level 5 in Shields
  4022 | D:7      | Reached XP level 8. HP: 44/68 MP: 10/10
  4035 | D:7      | Reached skill level 5 in Armour
  4042 | D:7      | Reached * piety under Beogh
  4435 | D:7      | Found a runed translucent gate.
  4435 | D:7      | Noticed a spectral unseen horror
  4437 | D:7      | Noticed Elsvaer's ghost (novice DECj)
  4527 | D:6      | Found a shadowy altar of Dithmenos.
  4528 | D:6      | Found a glowing golden altar of the Shining One.
  4528 | D:6      | Found an ornate altar of the Wu Jian Council.
  4528 | D:6      | Found a broken altar of Ashenzari.
  4538 | D:6      | Reached skill level 6 in Fighting
  4556 | D:6      | HP: 2/70 [steam dragon] (4)]
  4557 | D:6      | Engulfed by a steam dragon's steam

Illustrated notes

Levels and vault maps discovered:
D:1:      elethiomel_arrival_infinity_welcomes_careful_drivers, layout_basic,
          serial_corexii_hall, corexii_hall_statues_l, chequers_hall_statues_y,
          shapermc_ecumenical_altar_acropolis
D:2:      layout_loops_ring, basic_altar
D:3:      layout_basic, serial_shops, nicolae_shop_stone,
          minmay_randomly_rotated_circles
D:4:      layout_basic, temple_pool_b, serial_bayou_lake_a
D:5:      layout_loops_cross, portal_sewer_entry_f, serial_shops, shop,
          uniq_blork_the_orc
D:6:      layout_rooms, nicolae_overflows_in_rows, serial_co_window_serial,
          co_window_paths_b, co_window_paths_a, co_window_cross_1,
          co_window_of_opportunity_a, co_window_corner_a, co_window_broadway_a,
          co_window_broadway_c, co_window_broadway_c, co_window_paths_c,
          co_window_4corner_b, co_window_sun, glass_columns_b, glass_columns_b,
          glass_columns_c, glass_columns_b, glass_columns_a
D:7:      layout_loops_corners, gammafunk_ghost_necromancy,
          minmay_misc_feat_more_columns
D:8:      layout_cave_pools, dk_vineyard_1, chequers_serial_rivers_micro_d
Temple:   hellmonk_temple_of_storms

Skill      XL: |  1  2  3  4  5  6  7  8 |
---------------+-------------------------+-----
Invocations    | 1 2 3 4 |  4.9
Axes           | 3 4 5 |  5.9
Evocations     | 1 2 3 |  3.6
Fighting       | 4 5 6 |  6.1
Dodging        | 1 2 3 |  3.0
Shields        | 4 5 |  5.6
Armour         | 4 5 |  5.6

Action                     |  1- 3 |  4- 6 |  7- 9 || total
---------------------------+-------+-------+-------++-------
  Melee: War axe           |    70 |    35 |       ||   105
         Broad axe         |       |   108 |    88 ||   196
         Headbutt          |       |       |    11 ||    11
 Invoke: Convert to Beogh  |       |       |     1 ||     1
    Use: Potion            |     1 |     2 |     8 ||    11
         Scroll            |       |     7 |     6 ||    13
 Armour: Scale mail        |    24 |    77 |    64 ||   165
  Dodge: Dodged            |    28 |    64 |    35 ||   127
  Block: Buckler           |     7 |       |       ||     7
         Kite shield       |    10 |    78 |    53 ||   141
         Reflection        |       |     1 |     2 ||     3
